 Dungeon Crawl Stone Soup version 0.19.1 (webtiles) character file.

481 markt42 the Conjurer (level 6, 0/32 HPs)
             Began as a Deep Elf Conjurer on Dec 11, 2016.
             Slain by Duvessa
             ... wielding a +0 short sword
              (6 damage)
             ... on level 4 of the Dungeon.
             The game lasted 00:07:20 (4374 turns).

markt42 the Conjurer (Deep Elf Conjurer)            Turns: 4374, Time: 00:07:20

Health: 0/32       AC:  3    Str:  5    XL:     6   Next: 87%
Magic:  2/17       EV: 13    Int: 22    God:
Gold:   9          SH:  0    Dex: 15    Spells: 3 memorised, 7 levels left

rFire  . . .     SeeInvis +     (no weapon)
rCold  . . .     Gourm    .     r - +1 robe {rN+}
rNeg   + . .     Faith    .     (no shield)
rPois  .         Spirit   .     (no helmet)
rElec  .         Reflect  .     (no cloak)
rCorr  .         Harm     .     (no gloves)
MR     .....                    (no boots)
Stlth  ++........               (no amulet)
                                (no ring)
                                g - ring of see invisible

@: no status effects
A: no striking features
a: no special abilities


You were on level 4 of the Dungeon.
You were not hungry.

You visited 1 branch of the dungeon, and saw 4 of its levels.

You collected 230 gold pieces.
You spent 221 gold pieces at shops.

Inventory:

Armour
 r - a +1 robe of positive energy (worn)
Jewellery
 g - a ring of see invisible (left hand)
Wands
 j - a wand of lightning (4/15)
Scrolls
 a - a scroll of recharging {unknown}
 d - 2 scrolls of teleportation {unknown}
 e - 3 scrolls of remove curse {unknown}
 f - 2 scrolls of identify
 k - a scroll of blinking {unknown}
 m - 2 scrolls of enchant armour {unknown}
 o - 4 scrolls of amnesia {unknown}
Potions
 i - 3 potions of curing {unknown}
 l - a potion of cure mutation {unknown}
 n - 2 potions of lignification {unknown}
 p - a potion of invisibility {unknown}
Books
 b - a book of Conjurations

   Spells                             Type                      Level
   a - Magic Dart                     Conjuration                  1
   b - Searing Ray                    Conjuration                  2
   c - Dazzling Spray                 Conjuration/Hexes            3
   d - Fulminant Prism                Conjuration/Hexes            4
   e - Iskenderun's Mystic Blast      Conjuration                  4
   f - Iskenderun's Battlesphere      Conjuration/Charms           5
Comestibles
 c - 3 bread rations
 h - 2 beef jerkies
 q - a meat ration


   Skills:
 + Level 2.6 Dodging
 + Level 3.4 Stealth
 * Level 6.1 Spellcasting
 + Level 7.2 Conjurations
 * Level 2.2 Charms


You had 7 spell levels left.
You knew the following spells:

 Your Spells              Type           Power        Failure   Level  Hunger
a - Magic Dart            Conj           ####         1%          1    None
b - Iskenderun's Mystic   Conj           #####...     6%          4    ###....
c - Iskenderun's Battles  Conj/Chrm      ####....     38%         5    #####..


Dungeon Overview and Level Annotations

Branches:
Dungeon (4/15)
 Temple: D:4-7

Altars:
Cheibriados
Dithmenos
Gozag
Makhleb
Qazlal
Sif Muna
Yredelemnul
The Shining One

Shops:
D:4 =(*[(

Annotations:
D:4 Duvessa


Message History

Casting: Magic Dart
Confirm with . or Enter, or press ? or * to list all spells.
Aiming: Magic Dart
Press: ? - help, Shift-Dir - straight line, f/p - Duvessa
Aim: Duvessa, wielding a short sword and wearing a dyed leather armour (lightly wounded, berserk, fast, unusually strong)
The magic dart hits Duvessa.
Duvessa is lightly wounded.
Duvessa hits you with a short sword!
Casting: Magic Dart
Confirm with . or Enter, or press ? or * to list all spells.
Aiming: Magic Dart
Press: ? - help, Shift-Dir - straight line, f/p - Duvessa
Aim: Duvessa, wielding a short sword and wearing a dyed leather armour (lightly wounded, berserk, fast, unusually strong)
The magic dart hits Duvessa.
Duvessa is lightly wounded.
Duvessa hits you but does no damage. Duvessa barely misses you.
Duvessa hits you with a short sword.
* * * LOW HITPOINT WARNING * * *
Duvessa hits you with a short sword.
You die...

## #.#..#... ###....#..#
#..<....⌠.⌠ ###.#....∩. ###♣#
#...##⌠.⌠ ###########...#
###'###.# ............♣∩♣
#......#
.....<..)..#..############......#
...........'.♣.e@...............#
...........##############.#####.#
...........####### #.# #.#
...[.............. #.# #.#
.########......... #.## #.# .#
#...(..... #..## #.# .#
#......... #...# #.# .#
#......... #####._.###.# .#
#......... #.........#.#


You could see Duvessa (berserk).

Vanquished Creatures
  A black bear (D:4)
  A scorpion (D:4)
  Dowan (D:4)
  A centaur skeleton (D:4)
  An orc priest (D:1)
  Natasha (thrice) (D:2)
  Ijyb (D:3)
  A gnoll (D:1)
  2 adders (D:3)
  An ooze (D:1)
  A dart slug (D:1)
  A leopard gecko (D:1)
  10 orcs
  5 bats
  3 giant cockroaches
  11 goblins
  7 hobgoblins
  10 jackals (D:1)
  3 ball pythons (D:1)
  6 frilled lizards
  7 kobolds
  6 rats
83 creatures vanquished.

Notes
Turn   | Place    | Note
-------+----------+-------------------------------------------
     0 | D:1      | markt42 the Deep Elf Conjurer began the quest for the Orb.
     0 | D:1      | Reached XP level 1. HP: 10/10 MP: 6/6
   242 | D:1      | Reached XP level 2. HP: 15/15 MP: 5/8
   315 | D:1      | Reached skill level 5 in Conjurations
   524 | D:1      | Reached XP level 3. HP: 12/19 MP: 3/9
  1327 | D:1      | Reached skill level 6 in Conjurations
  1327 | D:1      | Reached XP level 4. HP: 24/24 MP: 0/11
  1625 | D:2      | Noticed Natasha
  1629 | D:2      | Killed Natasha
  1644 | D:2      | Learned a level 4 spell: Iskenderun's Mystic Blast
  1679 | D:2      | Found a glowing golden altar of the Shining One.
  1705 | D:2      | Noticed Natasha
  1727 | D:2      | Killed Natasha
  1727 | D:2      | Reached XP level 5. HP: 28/28 MP: 3/13
  1811 | D:2      | Learned a level 5 spell: Iskenderun's Battlesphere
  2293 | D:2      | Noticed Natasha
  2297 | D:2      | Killed Natasha
  2297 | D:2      | Reached skill level 1 in Charms
  2986 | D:3      | Found a burning altar of Makhleb.
  2986 | D:3      | Noticed an Executioner
  3009 | D:3      | Noticed Ijyb
  3017 | D:3      | Killed Ijyb
  3150 | D:3      | Found an opulent altar of Gozag.
  3504 | D:4      | Found Ferevvedgh's General Store.
  3526 | D:4      | Found Wioc Hyn's Jewellery Boutique.
  3608 | D:4      | Found a basalt altar of Yredelemnul.
  3628 | D:4      | Found Ympur's Antique Armour Shoppe.
  3632 | D:4      | Bought a glowing robe for 221 gold pieces
  3654 | D:4      | Found a snail-covered altar of Cheibriados.
  3654 | D:4      | Noticed a black bear
  3673 | D:4      | Killed a black bear
  3673 | D:4      | Reached skill level 5 in Spellcasting
  3673 | D:4      | Reached skill level 7 in Conjurations
  3673 | D:4      | Reached XP level 6. HP: 32/32 MP: 4/15
  3675 | D:4      | Noticed Dowan
  3676 | D:4      | Noticed Duvessa
  3944 | D:4      | Found Voihowu's Weapon Shoppe.
  3983 | D:4      | Found Mudumn's Weapon Shop.
  4288 | D:4      | Found a stormy altar of Qazlal.
  4288 | D:4      | Found a deep blue altar of Sif Muna.
  4289 | D:4      | Found a shadowy altar of Dithmenos.
  4364 | D:4      | Killed Dowan
  4374 | D:4      | Slain by Duvessa

Skill      XL: |  1  2  3  4  5  6 |
---------------+-------------------+-----
Conjurations   | 5 6 7 |  7.2
Spellcasting   | 4 5 6 |  6.1
Charms         | 1 2 |  2.2
Stealth        | 3 |  3.4
Dodging        | |  2.6

Action                   |  1- 3 |  4- 6 || total
-------------------------+-------+-------++-------
 Cast: Magic Dart        |    74 |   116 ||   190
       Iskenderun's Myst |       |     3 ||     3
  Use: Scroll            |       |     3 ||     3
  Eat: Chunk             |       |     3 ||     3
       Meat ration       |       |     2 ||     2
Armor: Robe              |     2 |     1 ||     3
Dodge: Dodged            |     8 |    12 ||    20
